 Dungeon Crawl Stone Soup version 0.29.1-13-g9f3cf754e1 (webtiles) character file.

Game seed: 6004761651623324971

35 shadowmeld the Insei (level 3, -2/27 HPs)
             Began as a Djinni Transmuter on Jan 30, 2023.
             Killed from afar by a white imp (15 damage)
             ... with a puff of frost
             ... summoned by Natasha
             ... on level 2 of the Dungeon.
             The game lasted 00:04:48 (1420 turns).

shadowmeld the Insei (Djinni Transmuter)            Turns: 1420, Time: 00:04:49

Health: -2/27      AC:  2    Str:  9    XL:     3   Next: 55%
Gold:   30         EV: 12    Int: 16    God:
                   SH:  0    Dex: 13

rFire   + + .      SeeInvis .     - Unarmed
rCold   x . .      Faith    .   (no shield)
rNeg    . . .      Spirit   .   a - +0 robe
rPois   ∞          Reflect  .   (helmet currently unavailable)
rElec   .          Harm     .   (no cloak)
rCorr   .          Rampage  .   (no gloves)
Will    .....                   (boots unavailable)
Stlth   +.........              (no amulet)
HPRegen 0.09/turn               (no ring)
MPRegen 0.00/turn               (no ring)

@: appendages, flying
A: horns 2, flying, sickness immunity, fire resistance 2, cold vulnerability 1,
float, innate caster, HP casting, extra vitality 1
a: End Transformation


You were on level 2 of the Dungeon.
You had temporarily grown beastly horns.
You visited 1 branch of the dungeon, and saw 2 of its levels.

You collected 30 gold pieces.

Inventory:

Armour
 a - a +0 robe (worn)
Scrolls
 d - 3 scrolls of silence {unknown}
 e - 3 scrolls of poison {unknown}
 f - 5 scrolls of teleportation {unknown}
 h - 3 scrolls of noise {unknown}
 i - a scroll of blinking {unknown}
Potions
 b - a potion of lignification
 c - a potion of heal wounds {unknown}
 g - a potion of invisibility {unknown}


   Skills:
 * Level 1.3 Fighting
 * Level 2.5 Dodging
 * Level 3.7 Unarmed Combat
 * Level 2.0 Spellcasting


You couldn't memorise any spells.
You knew the following spells:

 Your Spells              Type           Power      Damage    Failure   Level
a - Beastly Appendage     Tmut           16%        N/A       9%          1
b - Wereblood             Tmut           8%         N/A       14%         2
c - Spider Form           Tmut/Pois      8%         N/A       26%         3
d - Ice Form              Ice/Tmut       8%         N/A       65%         4
e - Freeze                Ice            32%        1d5       9%          1
Your spell library was empty.

Dungeon Overview and Level Annotations

Branches:
Dungeon (2/15)

Altars:

Annotations:
D:2 Natasha


Innate Abilities, Weirdness & Mutations

You have temporarily grown beastly horns.
You are flying.
You are immune to sickness and miasma.
You are immune to poison.
Your flesh is very heat resistant. (rF++)
You are vulnerable to cold. (rC-)
You float through the air rather than walking.
You learn spells naturally, not from books.
Your magical power is your life essence.
You have superior vitality. (+4 MHP)


Message History

Casting: Beastly Appendage (safe; 9% risk of failure)
Confirm with . or Enter, or press ? or * to list all spells.
You grow a pair of large bovine horns.
The quokka bites you but does no damage.
You hit the quokka.
The quokka is almost dead.
The quokka closely misses you.
You barely miss the quokka.
The quokka is almost dead.
Your transformation is almost over.
The quokka barely misses you.
You hit the quokka.
You kill the quokka!
Your horns disappear.
f - 5 scrolls labelled FUSANA KISOAPH (gained 1)
You see here a +0 chain mail.
Found a dagger.
Found a stone staircase leading down.
Found a stone staircase leading down.
Found a leather armour.
There is a stone staircase leading down here.
You now have 30 gold pieces (gained 8).
Natasha, Servant of Life and Death comes into view.
Casting: Beastly Appendage (safe; 9% risk of failure)
Confirm with . or Enter, or press ? or * to list all spells.
You grow a pair of large bovine horns.
Natasha hisses angrily.
Natasha casts a spell at you. The magic dart hits you!
Natasha howls an incantation.
Natasha's front paws start to glow.
You closely miss Natasha.
Natasha casts a spell.
You completely miss Natasha. Your headbutt misses Natasha. Natasha claws you.
You hit Natasha.
Natasha is lightly wounded.
The white imp gestures at you. The puff of frost hits you!
You feel a terrible chill!
Ouch! That really hurt!
You die...

.. ..# . .... ##.## #.#
#. #.##.##.[.## #.# #.
#.##.......# #.#
..#.##.##....# #.##
.#.##.##....###).##
..................
#h##.##....###..##
#@##.#..>....#..##
#5##.#.......#...#
..##............##..#
..........#>.....^##..#
###.#######.......##..#
# #.......##..#
#.......##..#
####.#####.[# .# #..#


You could see Natasha and a white imp (summoned).

Vanquished Creatures
  5 bats (D:1)
  An endoplasm (D:1)
  2 giant cockroaches (D:1)
  3 goblins (D:1)
  5 hobgoblins (D:1)
  4 jackals (D:1)
  3 quokkas
  4 ball pythons (D:1)
  2 frilled lizards (D:1)
  A kobold (D:1)
  A rat (D:1)
31 creatures vanquished.

Notes
Turn   | Place    | Note
-------+----------+-------------------------------------------
     0 | D:1      | shadowmeld the Djinni Transmuter began the quest for the
                  | Orb.
     0 | D:1      | shadowmeld set off with the following spells memorised:
                  | Beastly Appendage, Wereblood, Spider Form, Ice Form.
     0 | D:1      | Reached XP level 1. HP: 17/17 MP: 0/0
     6 | D:1      | Noticed a water moccasin
     6 | D:1      | Noticed a swamp drake
     6 | D:1      | Noticed an iguana
     7 | D:1      | Noticed a polar bear
     7 | D:1      | Noticed a hound
   249 | D:1      | Reached XP level 2. HP: 22/22 MP: 0/0
   575 | D:1      | Reached XP level 3. HP: 19/27 MP: 0/0
   575 | D:1      | Learned a level 1 spell: Freeze
  1414 | D:2      | Noticed Natasha
  1420 | D:2      | Killed from afar by a white imp

Illustrated notes

Levels and vault maps discovered:
D:1:      onia_arrival_zoo_common, layout_rooms, chequers_serial_rivers_micro_c
D:2:      minmay_diamond_boxcup, layout_loops_ring, basic_altar,
          dreamdust_ecumenical_altar_statues, minmay_misc_feat_tiny,
          uniq_natasha

Skill      XL: |  1  2  3 |
---------------+----------+-----
Spellcasting   | 2 |  2.0
Fighting       | |  1.3
Dodging        | |  2.5
Unarmed Combat | |  3.7

Action                   || total
-------------------------++-------
Melee: Unarmed           ||   100
       Headbutt          ||    17
       Punch             ||     6
 Cast: Beastly Appendage ||    16
       Freeze            ||     1
Armor: Robe              ||    24
Dodge: Dodged            ||    98
